 Dungeon Crawl Stone Soup version 0.29.1-1-gd02db6906a (webtiles) character file.

Game seed: 8129521326754556569

856 RogueRain17 the Destroyer (level 7, 0/41 (46) HPs)
             Began as a Demonspawn Conjurer on Oct 2, 2022.
             Was an Initiate of Ashenzari.
             Slain by a wight
             ... wielding a +2 trident
              (3 damage)
             ... on level 7 of the Dungeon.
             The game lasted 00:19:35 (5405 turns).

RogueRain17 the Destroyer (Demonspawn Conjurer)     Turns: 5405, Time: 00:19:36

HP:   0/41 (46)     AC:  8    Str:  7    XL:     7   Next: 70%
MP:   17/19         EV: 12    Int: 21    God:    Ashenzari [......]
Gold: 125           SH:  4    Dex: 12    Spells: 7/10 levels left

rFire   . . .      SeeInvis .   j - +4 falchion "Lashed With Me" {drain, Melee, Fort} (curse)
rCold   . . .      Faith    .   (no shield)
rNeg    . . .      Spirit   .   a - +0 robe
rPois   .          Reflect  .   k - +2 helmet
rElec   .          Harm     .   (no cloak)
rCorr   .          Rampage  .   (no gloves)
Will    .....                   (no boots)
Stlth   ++........              (no amulet)
HPRegen 0.13/turn               y - ring of magical power
MPRegen 0.16/turn               t - ring of wizardry

@: heavily drained
A: icy blue scales 2, condensation shield
a: Renounce Religion, Shatter the Chains


You were on level 7 of the Dungeon.
You worshipped Ashenzari.
Ashenzari was noncommittal.
You visited 1 branch of the dungeon, and saw 5 of its levels.
You also visited: Sewer.

You collected 125 gold pieces.

Inventory:

Hand Weapons
 j - the cursed +4 falchion "Lashed With Me" (weapon) {drain, Melee, Fort}
   (You took it off Robin on level 2 of the Dungeon)

   A truly terrible weapon, it drains the life of any living foe it strikes.
   It has a curse which improves the following skills: Melee Combat: Short
   Blades, Long Blades, Axes, Maces & Flails, Polearms, Staves and Unarmed
   Combat.
   Fortitude: Armour and Shields.
Armour
 a - a +0 robe (worn)
 k - a +2 helmet (worn)
Jewellery
 i - a ring of positive energy
 s - a ring of ice
 t - a ring of wizardry (right hand)
 w - a ring of wizardry
 y - a ring of magical power (left hand)
Scrolls
 e - a scroll of amnesia {unknown}
 h - 2 scrolls of enchant weapon
 r - 2 scrolls of teleportation
 u - a scroll of silence {unknown}
Potions
 b - a potion of magic
 c - a potion of brilliance {unknown}
 d - 2 potions of degeneration {unknown}
 f - a potion of mutation {unknown}
 g - 2 potions of heal wounds
 l - a potion of attraction {unknown}
 m - 2 potions of invisibility {unknown}
 n - a potion of berserk rage {unknown}
 o - a potion of haste {unknown}
 p - 2 potions of flight
 q - 4 potions of curing
 v - a potion of lignification {unknown}
 x - a potion of cancellation {unknown}


   Skills:
 + Level 3.2(3.6) Long Blades
 - Level 1.7 Dodging
 - Level 1.7 Stealth
 - Level 2.0 Spellcasting
 + Level 8.9 Conjurations


You had 7 spell levels left.
You knew the following spells:

 Your Spells              Type           Power      Damage    Failure   Level
a - Magic Dart            Conj           100%       1d8       1%          1
b - Searing Ray           Conj           78%        2d7       1%          2

Your spell library contained the following spells:

 Spells                   Type           Power      Damage    Failure   Level
 Dazzling Flash           Conj/Hex       40%        N/A       2%          3
 Necrotise                Necr           8%         1d4       6%          1
 Fulminant Prism          Conj/Hex       10%        3d9       10%         4
 Iskenderun's Mystic Bla  Conj/Tloc      20%        2d6       10%         4
 Vampiric Draining        Necr           2%         2d6       17%         3
 Agony                    Necr           2%         N/A       82%         5


Dungeon Overview and Level Annotations

Branches:
Dungeon (4/15)              Sewer (visited)
 Temple: D:4-7

Altars:
Ashenzari

Shops:
D:2 :


Innate Abilities, Weirdness & Mutations

You are mostly covered in icy blue scales. (AC +3)
A meltable shield of frost defends you. (SH +4)


Message History

The wight hits you from afar with a +2 trident!
The wight hits you with a +2 trident.
You feel drained.
You barely miss the wight.
The wight is lightly damaged.
You block the wight's attack.
You slash the wight!
The wight is severely damaged.
The wight barely misses you.
You closely miss the wight.
The wight is severely damaged.
The wight closely misses you.
You closely miss the wight.
The wight is severely damaged.
The wight hits you with a +2 trident!
You are too injured to fight recklessly!
You are too injured to fight recklessly!
You are too injured to fight recklessly!
You are too injured to fight recklessly!
You are too injured to fight recklessly!
You are too injured to fight recklessly!
You barely miss the wight.
The wight is severely damaged.
The wight closely misses you.
You hit the wight.
The wight is severely damaged.
The wight hits you with a +2 trident!
You feel drained.
* * * LOW HITPOINT WARNING * * *
The wight hits you with a +2 trident.
* * * LOW HITPOINT WARNING * * *
You feel drained.
* * * LOW HITPOINT WARNING * * *
You hit the wight.
The wight is almost destroyed.
The wight closely misses you.
You hit the wight.
The wight is almost destroyed.
The wight hits you with a +2 trident.
* * * LOW HITPOINT WARNING * * *
You feel drained.
You die...

##.. ##... ########
#.... #......# #....
###......# #....
#........# ###....
#@.).)...###......
....?.z.##..###.........
.......####.....#.##....
...#### #.#..##.##....
.. ###.#...........
##......รท...#.... ##
#............#...
..##......[.###..#..
#.......#..## ##.###


You could see a wight.

Vanquished Creatures
  A water moccasin (D:7)
  A sky beast (D:3)
  A bullfrog (D:7)
  A kobold brigand (Sewer)
  2 wights (D:7)
  Crazy Yiuf (D:2)
  A gnoll bouda (D:7)
  An iguana (D:3)
  Natasha (twice) (D:3)
  Robin (D:2)
  5 gnolls (D:7)
  9 adders
  5 river rats
  An ufetubus (D:7)
  5 worms
  A dart slug (D:2)
  An orc (D:3)
  4 bats
  3 endoplasms
  3 giant cockroaches
  11 goblins
  9 hobgoblins
  2 jackals (Sewer)
  4 quokkas
  7 ball pythons
  A frilled lizard (D:1)
  12 kobolds
  9 rats
104 creatures vanquished.

Notes
Turn   | Place    | Note
-------+----------+-------------------------------------------
     0 | D:1      | RogueRain17 the Demonspawn Conjurer began the quest for the
                  | Orb.
     0 | D:1      | Reached XP level 1. HP: 13/13 MP: 3/3
   426 | D:1      | Gained mutation: You are partially covered in icy blue
                  | scales. (AC +2) [demonic ancestry]
   426 | D:1      | Reached XP level 2. HP: 19/19 MP: 3/5
  1142 | D:2      | Reached skill level 5 in Conjurations
  1199 | D:2      | Gained mutation: You are mostly covered in icy blue scales.
                  | (AC +3) [demonic ancestry]
  1199 | D:2      | Reached XP level 3. HP: 24/24 MP: 4/6
  1463 | D:2      | Found Ceumiss's Book Shoppe.
  1533 | D:2      | Learned a level 2 spell: Searing Ray
  1655 | D:2      | Noticed Robin
  1694 | D:2      | Killed Robin
  1705 | D:2      | Reached XP level 4. HP: 24/30 MP: 1/7
  1998 | D:2      | Found a runed translucent door.
  1999 | D:2      | Noticed Crazy Yiuf
  2224 | D:2      | Killed Crazy Yiuf
  2225 | D:2      | Reached skill level 6 in Conjurations
  2632 | D:3      | Reached XP level 5. HP: 35/35 MP: 4/8
  2826 | D:3      | Found a glowing drain.
  2831 | Sewer    | Entered a sewer
  2942 | Sewer    | Reached skill level 7 in Conjurations
  2943 | Sewer    | Reached XP level 6. HP: 19/41 MP: 6/9
  3435 | D:3      | Noticed a sky beast
  3886 | D:3      | Noticed Natasha
  3896 | D:3      | Killed Natasha
  4275 | D:3      | Noticed Natasha
  4279 | D:3      | Killed Natasha
  4280 | D:3      | Reached skill level 8 in Conjurations
  4346 | D:3      | Found a faded altar of an unknown god.
  4349 | D:3      | Prayed at the altar of an unknown god.
  4349 | D:3      | Became a worshipper of Ashenzari the Shackled
  4372 | D:3      | Killed a sky beast
  4373 | D:3      | Reached skill level 1 in Long Blades
  4690 | D:4      | You fall into a shaft and drop 3 floors!
  4780 | D:7      | Gained mutation: A meltable shield of frost defends you.
                  | (SH +4) [demonic ancestry]
  4780 | D:7      | Reached XP level 7. HP: 46/46 MP: 4/10
  5405 | D:7      | Slain by a wight

Illustrated notes

Levels and vault maps discovered:
D:1:      evilmike_arrival_hilbert_curve, layout_loops_ring
D:2:      layout_basic, serial_shops, shop, nicolae_wormholes, uniq_robin,
          uniq_crazy_yiuf_cottage
D:3:      layout_basic, shapermc_ecumenical_altar_mp_vishouse,
          lightli_sewer_entry_pipes, uniq_natasha
D:4:      layout_cave_pods, grunt_temple_overflow_cloverleaf, abandoned_shop,
          small_statue_intersection, st_stairs_5, hex_tiny, uniq_pikel
D:7:      layout_rooms

Skill      XL: |  1  2  3  4  5  6  7 |
---------------+----------------------+-----
Conjurations   | 5 6 7 8 |  8.9
Long Blades    | 1 3 |  3.2
Dodging        | |  1.7
Stealth        | |  1.7
Spellcasting   | |  2.0

Action                   |  1- 3 |  4- 6 |  7- 9 || total
-------------------------+-------+-------+-------++-------
Melee: Unarmed           |    19 |       |       ||    19
       Falchion          |       |    89 |    48 ||   137
 Cast: Magic Dart        |    67 |    67 |    17 ||   151
       Searing Ray       |     2 |     8 |     3 ||    13
Invok: Curse Item        |       |     1 |       ||     1
  Use: Potion            |     1 |       |       ||     1
       Scroll            |       |     2 |       ||     2
 Stab: Distracted        |       |     1 |       ||     1
Armor: Robe              |     4 |    53 |     9 ||    66
Dodge: Dodged            |    26 |    84 |    23 ||   133
Block: Other             |       |       |    10 ||    10
